 Dungeon Crawl Stone Soup version 0.27-a0-1381-g81fdcbfb23 (webtiles) character file.

Game seed: 16422022210013502958

1622 Kinoniko the Cleaver (level 8, 0/67 HPs)
             Began as a Minotaur Berserker on June 30, 2021.
             Was an Elder of Trog.
             Slain by a boulder beetle (43 damage)
             ... on level 6 of the Dungeon.
             The game lasted 00:07:26 (6345 turns).

Kinoniko the Cleaver (Minotaur Berserker)           Turns: 6345, Time: 00:07:27

Health: 0/67       AC:  8    Str: 23    XL:     8   Next: 65%
Magic:  7/7        EV:  6    Int:  6    God:    Trog [****..]
Gold:   254        SH: 12    Dex:  9    Spells: 7/7 levels left

rFire    . . .     SeeInvis .   a - +9 war axe "Womal" {vorpal, rC+}
rCold    + . .     Faith    .   k - +2 kite shield
rNeg     . . .     Spirit   .   p - +0 chain mail
rPois    +         Reflect  .   (helmet restricted)
rElec    .         Harm     .   (no cloak)
rCorr    .         Rampage  .   (no gloves)
Will     .....                  (no boots)
Stlth    ..........             (no amulet)
HPRegen  0.21/turn              j - ring of poison resistance
MPRegen  0.10/turn              (no ring)

@: no status effects
A: horns 2, retaliatory headbutt
a: Renounce Religion, Berserk, Trog's Hand, Brothers in Arms


You were on level 6 of the Dungeon.
You worshipped Trog.
Trog was greatly pleased with you.
You visited 1 branch of the dungeon, and saw 6 of its levels.

You collected 254 gold pieces.

Inventory:

Hand Weapons
 a - the +9 war axe "Womal" (weapon) {vorpal, rC+}
   (You acquired it on level 4 of the Dungeon)

   It inflicts extra damage upon your enemies.
   rC:        It protects you from cold.
Missiles
 h - 2 atropa-tipped darts
Armour
 k - a +2 kite shield (worn)
 l - a +0 ring mail
 p - a +0 chain mail (worn)
Jewellery
 j - a ring of poison resistance (left hand)
Wands
 m - a wand of paralysis (7)
 r - a wand of acid (3)
Scrolls
 b - a scroll of amnesia
 d - 2 scrolls of brand weapon
 e - 2 scrolls of teleportation
 f - a scroll of silence {unknown}
 o - 2 scrolls of vulnerability
 q - 2 scrolls of identify
 s - a scroll of magic mapping {unknown}
Potions
 c - a potion of resistance
 g - a potion of ambrosia {unknown}
 i - a potion of heal wounds {unknown}
 n - a potion of might {unknown}
 t - a potion of lignification {unknown}


   Skills:
 + Level 4.8 Fighting
 * Level 11.4 Axes
 - Level 2.4 Armour
 - Level 2.1 Dodging
 - Level 6.2 Shields


You had 7 spell levels left.
You didn't know any spells.
Your spell library contained the following spells:

 Spells                   Type           Power      Damage    Failure   Level
 Beastly Appendage        Tmut           0%         N/A       100%        1
 Wereblood                Tmut           0%         N/A       100%        2
 Spider Form              Tmut/Pois      0%         N/A       100%        3
 Ice Form                 Ice/Tmut       0%         N/A       100%        4


Dungeon Overview and Level Annotations

Branches:
Dungeon (6/15)
 Temple: D:4-7

Altars:
Cheibriados
Hepliaklqana
Sif Muna
Uskayaw
Zin


Innate Abilities, Weirdness & Mutations

You have a pair of horns on your head.
You reflexively headbutt those who attack you in melee.


Message History

Your ogre hits the boulder beetle with a +0 giant spiked club!!
The boulder beetle bites your ogre!! x2
Your ogre dies!
Your ogre's corpse disappears in a puff of smoke!
The boulder beetle curls into a ball and begins rolling!
Things that are here:
a +0 trident; a +0 ring mail; an orc corpse You fail to use your ability.
You hit the boulder beetle but do no damage.
You headbutt the boulder beetle, but do no damage.
The boulder beetle is severely wounded.
You block the boulder beetle's attack.
The boulder beetle stops rolling and uncurls.
The boulder beetle leaps!
You start resting.
A boulder beetle is nearby!
The boulder beetle leaps!
Things that are here:
a +0 trident; a +0 ring mail; an orc corpse
Okay, then.
Unknown command.
t - a fizzy purple potion You feel yourself speed up.
The boulder beetle curls into a ball and begins rolling!
The boulder beetle barely misses you. You furiously retaliate!
You headbutt the boulder beetle, but do no damage.
The boulder beetle stops rolling and uncurls.
Your black bear goes berserk!
You block the boulder beetle's attack.
Your black bear bites the boulder beetle but does no damage.
Your black bear claws the boulder beetle but does no damage.
Your black bear claws the boulder beetle.
The boulder beetle curls into a ball and begins rolling!
You recover from your berserk rage.
Your black bear bites the boulder beetle but does no damage.
Your black bear claws the boulder beetle but does no damage.
Your black bear claws the boulder beetle.
The boulder beetle hits you!!!
Ouch! That really hurt!
You die...

######...)))°.###
#........)B○..#
..##....B○....#
##..○#######
#.○## #.## . #.##
.# #hB### ..
#.@..# #. ##..###
#. ##...# #. #.
#....# #. ###.
##. #.###.#
#...###... ##.#
#.# #.# #........
##..# #.# #.#
######... #...#
##.#
#.####.####...
#...######..#
........#..##


You could see a boulder beetle (rolling, ally target) and a friendly black bear
(summoned, berserk).

Vanquished Creatures
  A troll (D:5)
  Menkaure (D:6)
  2 water moccasins
  A black bear (D:5)
  An ice beast (D:6)
  An ogre (D:5)
  A phantom (D:5)
  A bullfrog (D:5)
  A scorpion (D:4)
  A water moccasin zombie (D:5)
  A bullfrog zombie (D:6)
  3 orc priests
  A jelly (D:4)
  An iguana (D:5)
  A bullfrog skeleton (D:4)
  7 adders
  11 gnolls (D:4)
  3 worms
  4 dart slugs
  16 orcs
  9 ball pythons
  4 endoplasms
  7 giant cockroaches
  28 goblins
  30 hobgoblins
  4 jackals (D:1)
  2 quokkas
  4 bats
  3 frilled lizards
  10 kobolds
  7 rats
  4 toadstools (D:1)
171 creatures vanquished.

Notes
Turn   | Place    | Note
-------+----------+-------------------------------------------
     0 | D:1      | Kinoniko the Minotaur Berserker began the quest for the
                  | Orb.
     0 | D:1      | Reached XP level 1. HP: 19/19 MP: 0/0
    46 | D:1      | Reached skill level 4 in Axes
    93 | D:1      | Reached XP level 2. HP: 21/26 MP: 1/1
   286 | D:1      | Reached skill level 5 in Axes
   493 | D:1      | Reached XP level 3. HP: 29/31 MP: 2/2
   616 | D:1      | You fall into a shaft and drop 1 floor!
   639 | D:2      | Reached ** piety under Trog
  1854 | D:2      | Reached skill level 1 in Shields
  1854 | D:2      | Reached XP level 4. HP: 24/39 MP: 3/3
  2160 | D:3      | Reached skill level 6 in Axes
  2545 | D:3      | Reached XP level 5. HP: 44/45 MP: 4/4
  2550 | D:3      | You fall into a shaft and drop 3 floors!
  2594 | D:5      | Entered Level 5 of the Dungeon
  2983 | D:3      | Found a hide-covered altar of Uskayaw.
  3231 | D:4      | Identified a scroll of acquirement
  3232 | D:4      | Acquired the +9 war axe "Womal" {vorpal, rC+}
  3264 | D:4      | Reached *** piety under Trog
  3265 | D:4      | Reached skill level 7 in Axes
  3370 | D:4      | Reached XP level 6. HP: 48/51 MP: 5/5
  3959 | D:4      | Reached skill level 8 in Axes
  4059 | D:4      | Reached **** piety under Trog
  4640 | D:4      | Found a snail-covered altar of Cheibriados.
  4640 | D:4      | Found a hazy altar of Hepliaklqana.
  4919 | D:5      | Reached XP level 7. HP: 53/57 MP: 6/6
  5224 | D:5      | Reached skill level 9 in Axes
  5264 | D:5      | Reached skill level 5 in Shields
  5575 | D:5      | Found a glowing silver altar of Zin.
  5726 | D:5      | Found a shimmering blue altar of Sif Muna.
  5783 | D:5      | Reached skill level 10 in Axes
  5783 | D:5      | Reached XP level 8. HP: 51/64 MP: 7/7
  5967 | D:5      | Noticed a troll
  5976 | D:5      | Killed a troll
  6267 | D:6      | Reached skill level 11 in Axes
  6301 | D:6      | Noticed a boulder beetle
  6303 | D:6      | Noticed Menkaure
  6311 | D:6      | Killed Menkaure
  6345 | D:6      | Slain by a boulder beetle

Illustrated notes

Levels and vault maps discovered:
D:1:      ldierk_water_garden, layout_basic
D:2:      layout_basic, glass_columns_b
D:3:      minmay_wonky_spiral, layout_basic, old_standard_altar
D:4:      minmay_goblin_kobold_castle, layout_loops_cross,
          gammafunk_temple_overflow_elements
D:5:      layout_layer_cave, nicolae_sif_muna_little_library, zin_statuary,
          corexii_shack
D:6:      layout_layer_cave, nicolae_shop_self_help, uniq_menkaure

Skill      XL: |  1  2  3  4  5  6  7  8 |
---------------+-------------------------+-----
Axes           | 4 5 6 7 8 10 11 | 11.4
Shields        | 1 2 3 4 5 6 |  6.2
Fighting       | 4 |  4.8
Armour         | |  2.4
Dodging        | |  2.1

Action                   |  1- 3 |  4- 6 |  7- 9 || total
-------------------------+-------+-------+-------++-------
Melee: Hand axe          |    78 |    37 |       ||   115
       Headbutt          |    12 |    22 |     8 ||    42
       War axe           |       |   126 |    44 ||   170
Invok: Berserk           |     1 |     3 |     2 ||     6
       Brothers in Arms  |       |       |     2 ||     2
  Use: Scroll            |       |     8 |       ||     8
 Stab: Sleeping          |     1 |       |       ||     1
Armor: Animal skin       |     8 |       |       ||     8
       Ring mail         |       |    19 |       ||    19
       Chain mail        |       |       |    13 ||    13
Dodge: Dodged            |    46 |    44 |    11 ||   101
Block: Kite shield       |     8 |   108 |    29 ||   145
       Buckler           |     1 |       |       ||     1

Table legend: (Time is in decaauts)
 A = Elapsed time spent in this place.
 B = Non-inter-level travel time spent in this place.
 C = Inter-level travel time spent in this place.
 D = Time resting spent in this place.
 E = Time spent auto-exploring this place.
 F = Levels seen in this place.
 G = Mean time per level.
                   A        B        C        D        E       F      G
               +--------+--------+--------+--------+--------+-----+--------+
         Total |   6478 |   6343 |    135 |    566 |   4848 |   6 | 1079.7 |
       Dungeon |   6478 |   6343 |    135 |    566 |   4848 |   6 | 1079.7 |
               +--------+--------+--------+--------+--------+-----+--------+

Top non-repeatable levels by time:
     D:4: 1830 daAuts
     D:5: 1264 daAuts
     D:1: 1172 daAuts
     D:2: 984 daAuts
     D:3: 919 daAuts
     D:6: 306 daAuts
